[Event "POL-chT 2nd League Juniors 2020"]
[Site "Sypniewo"]
[Date "2020.10.24"]
[Round "3.19"]
[White "Gardian, Adam"]
[Black "Malik, Maciej"]
[Result "0-1"]
[ECO "B09"]
[WhiteElo "1859"]
[BlackElo "1671"]
[Annotator "NA"]
[PlyCount "106"]
[EventDate "2020.10.23"]
[EventType "team-tourn"]
[EventCountry "POL"]
[SourceTitle "playchess.com"]
[Source "ChessBase"]
[SourceQuality "1"]
[TimeControl "5400+30"]

1. e4 d6 2. d4 Nf6 3. Nc3 g6 4. f4 Bg7 5. Nf3 O-O 6. Bd3 Na6 7. e5 Nd7 8. e6 {[%emt 0:10:42] B09: Pirc Defence: Austrian Attack.} fxe6 9. Qe2 Nf6 10. Ng5 {[%emt 0:01:47] [#]} Qe8 $146 ({Predecessor:} 10... Nb4 $15 11. Bc4 d5 12. Bb3 Qd7 13. O-O Ne8 14. Nf3 Nc6 15. Be3 Nd6 16. Ne5 Nxe5 17. fxe5 {0-1 (61) Hartnack,R-Lawton,C CServe email 1992}) 11. Nxe6 Bxe6 12. Qxe6+ Qf7 13. Bc4 Qxe6+ $1 14. Bxe6+ Kh8 15. Be3 c6 16. h3 Nc7 17. Bb3 b5 18. a3 a5 19. O-O b4 20. axb4 axb4 21. Ne2 Nfd5 22. Bd2 Nb5 23. c3 $2 ({White should try} 23. Bxd5 $11 cxd5 24. c3) 23... bxc3 24. bxc3 Rxa1 25. Rxa1 {[%emt 0:00:05] [#]} Ndxc3 $1 26. Bxc3 Nxc3 27. Nxc3 Bxd4+ 28. Kh1 Bxc3 29. Rc1 Bd2 30. Rxc6 Bxf4 31. g4 Bg5 32. Kg2 Bh4 33. Rc2 Kg7 34. Re2 Rc8 35. Rd2 Rc3 36. Bd5 Re3 37. Bc4 Kf6 38. Ba2 e6 39. Bc4 Ke5 40. Bb5 d5 41. Bd3 Kf4 42. Bb5 Re1 43. Ba6 Ke4 44. Bc8 $19 Ke3 45. Ra2 d4 46. Bxe6 d3 47. Ra7 Re2+ 48. Kg1 Bf2+ 49. Kg2 Bh4+ 50. Kg1 Kf3 51. Rf7+ Kg3 52. Rf1 d2 53. Bb3 Re1 0-1

[Event "POL-chT 2nd League Juniors 2020"]
[Site "Sypniewo"]
[Date "2020.10.24"]
[Round "3.20"]
[White "Zniszczol, Wiktoria"]
[Black "Kubica, Dominik"]
[Result "0-1"]
[ECO "B18"]
[WhiteElo "1620"]
[BlackElo "1577"]
[Annotator "NA RC"]
[PlyCount "92"]
[EventDate "2020.10.23"]
[EventType "team-tourn"]
[EventCountry "POL"]
[SourceTitle "playchess.com"]
[Source "ChessBase"]
[SourceQuality "1"]
[TimeControl "5400+30"]

1. e4 c6 2. d4 d5 3. Nc3 dxe4 4. Nxe4 Bf5 5. Ng3 Bg6 6. h4 h6 7. h5 Bh7 8. Nf3 Nd7 9. Bd3 Bxd3 10. Qxd3 Ngf6 11. Bd2 e6 12. O-O-O Bd6 13. Ne4 Nxe4 14. Qxe4 Nf6 15. Qe2 Qc7 16. g3 b5 17. Ne5 Bxe5 18. dxe5 Nd5 19. f4 O-O 20. g4 f5 21. Rdg1 Kh7 22. g5 Ne7 23. Qf2 Rg8 24. Qh4 Qd7 25. Bb4 Nd5 26. Bc5 a5 27. Rh3 b4 28. Qf2 a4 29. a3 Qb7 30. Rhg3 bxa3 31. Bxa3 Rab8 32. Qg2 Nxf4 33. Qf3 Nd5 34. gxh6 gxh6 35. Rg6 Rxg6 36. Rxg6 Qf7 37. c4 Rb3 38. Qd1 Nf4 39. Rf6 Qa7 40. Kc2 Rh3 41. c5 Nxh5 42. Rxe6 Qf7 43. Qd6 Ng7 44. Re7 Qc4+ 45. Kd2 Rh2+ 46. Ke1 Qe2# 0-1

[Event "POL-chT 2nd League Juniors 2020"]
[Site "Sypniewo"]
[Date "2020.10.24"]
[Round "3.21"]
[White "Zaborski, Igor"]
[Black "Karut, Kacper"]
[Result "1-0"]
[ECO "D05"]
[WhiteElo "1612"]
[BlackElo "1657"]
[Annotator "NA RC"]
[PlyCount "77"]
[EventDate "2020.10.23"]
[EventType "team-tourn"]
[EventCountry "POL"]
[SourceTitle "playchess.com"]
[Source "ChessBase"]
[SourceQuality "1"]
[TimeControl "5400+30"]

1. d4 d5 2. Nf3 e6 3. e3 Nf6 4. Bd3 Bd7 5. O-O c5 6. b3 Nc6 7. Bb2 cxd4 8. exd4 Bd6 9. a3 O-O 10. Nbd2 Rc8 11. Ne5 h6 12. f4 Bxe5 13. fxe5 Nh7 14. Nf3 f5 15. exf6 Nxf6 16. Ne5 Nxe5 17. dxe5 Ne4 18. Rxf8+ Kxf8 19. Qf3+ Kg8 20. Bxe4 dxe4 21. Qxe4 Bc6 22. Qg4 Qd5 23. c4 Qd2 24. Qxe6+ Kh7 25. Qf5+ g6 26. Qf7+ Kh8 27. Qf2 Qxf2+ 28. Kxf2 Rd8 29. Ke3 Bxg2 30. Rg1 Bc6 31. Rxg6 Kh7 32. Rf6 Rd1 33. e6 Re1+ 34. Kd2 Rb1 35. Rf7+ Kg6 36. Bd4 Rxb3 37. Rf6+ Kg5 38. e7 Rxa3 39. Rxc6 1-0

[Event "POL-chT 2nd League Juniors 2020"]
[Site "Sypniewo"]
[Date "2020.10.24"]
[Round "3.22"]
[White "Pycinski, Wladyslaw"]
[Black "Rozek, Michal"]
[Result "1/2-1/2"]
[ECO "D78"]
[WhiteElo "1149"]
[BlackElo "1442"]
[Annotator "NA"]
[PlyCount "63"]
[EventDate "2020.10.23"]
[EventType "team-tourn"]
[EventCountry "POL"]
[SourceTitle "playchess.com"]
[Source "ChessBase"]
[SourceQuality "1"]
[TimeControl "5400+30"]

1. d4 Nf6 2. Nf3 d5 3. g3 c6 4. Bg2 g6 5. O-O Bg7 6. c4 O-O 7. Nbd2 Bf5 8. b3 Ne4 9. Bb2 Nxd2 10. Nxd2 Qd6 11. Re1 Rd8 12. cxd5 cxd5 13. Nf1 Nc6 14. Ne3 Be6 15. Qd2 f5 16. f4 Rac8 17. Rac1 Bf7 18. Nc2 e6 19. e3 h5 20. h4 Be8 21. Ba3 Qd7 22. Nb4 Nxb4 23. Qxb4 Rxc1 24. Rxc1 Rc8 25. Qd2 Rc6 26. Rxc6 Qxc6 27. Qc1 Qxc1+ 28. Bxc1 Bf8 29. Kf2 Bb4 30. Ke2 Bb5+ 31. Kd1 Kf7 32. Bd2 1/2-1/2

[Event "POL-chT 2nd League Juniors 2020"]
[Site "Sypniewo"]
[Date "2020.10.24"]
[Round "3.23"]
[White "Hertlein, Irena"]
[Black "Kudlak, Julia"]
[Result "1-0"]
[ECO "A46"]
[WhiteElo "1893"]
[BlackElo "1574"]
[Annotator "NA RC"]
[PlyCount "51"]
[EventDate "2020.10.23"]
[EventType "team-tourn"]
[EventCountry "POL"]
[SourceTitle "playchess.com"]
[Source "ChessBase"]
[SourceQuality "1"]
[TimeControl "5400+30"]

1. d4 Nf6 2. Nf3 e6 3. g3 b6 4. Bg2 d5 5. O-O Ba6 6. Ne5 {[%emt 0:09:56] A46: 1 d4 Nf6 2 Nf3 e6: Torre, London and Colle Systems.} Nfd7 {[%emt 0:03:56] [#]} 7. c4 $146 ({Predecessor:} 7. Nd3 c6 8. Nd2 g6 9. e4 Bg7 10. exd5 cxd5 11. c4 Nc6 12. Qa4 Na5 13. Nb4 Bxc4 14. Nxc4 Nxc4 15. Nxd5 {1-0 (29) Dive,R (2297)-Miguel,S (2285) Batumi 2018}) 7... Nxe5 8. cxd5 $1 exd5 9. dxe5 c6 10. Nc3 Nd7 11. Qa4 Bb7 12. Rd1 Nc5 {[%emt 0:04:20] [#]} 13. Qc2 $1 g6 $2 {[%emt 0:04:24] [#]} (13... Ne6 $16) 14. b4 $1 Na6 $2 (14... Nd7 15. e4 Rc8) 15. b5 Nb4 16. Qb2 d4 (16... Qe7 $142 17. a3 Bg7 18. axb4 Qxe5 19. bxc6 Bxc6 20. Nxd5 Qxb2 21. Bxb2 Bxb2 22. Nc7+ {[%mdl 64] Double Attack} Kf8 23. Nxa8 Bxa1 24. Rxa1 Bxg2 25. Kxg2 a5 26. Nxb6 axb4) 17. a3 dxc3 18. Rxd8+ Rxd8 19. Qxc3 Nd5 20. Bxd5 cxd5 21. e6 d4 22. Qc7 fxe6 23. Qxb7 Be7 24. Qxa7 e5 25. Qxb6 $18 Kf7 26. Qc7 1-0

[Event "POL-chT 2nd League Juniors 2020"]
[Site "Sypniewo"]
[Date "2020.10.24"]
[Round "3.24"]
[White "Tim, Anna"]
[Black "Lajdamik, Anna"]
[Result "1-0"]
[ECO "D06"]
[WhiteElo "1237"]
[BlackElo "1292"]
[Annotator "NA RC"]
[PlyCount "97"]
[EventDate "2020.10.23"]
[EventType "team-tourn"]
[EventCountry "POL"]
[SourceTitle "playchess.com"]
[Source "ChessBase"]
[SourceQuality "1"]
[TimeControl "5400+30"]

1. d4 d5 2. c4 Bf5 3. Nc3 e6 4. Nf3 c6 5. Bf4 Nf6 6. cxd5 exd5 7. e3 Bd6 8. Bxd6 Qxd6 9. Bd3 Bxd3 10. Qxd3 Nbd7 11. O-O O-O 12. Rfc1 Rae8 13. Qc2 Ne4 14. Qa4 f5 15. Ne2 a6 16. Nf4 g5 17. Nd3 f4 18. exf4 gxf4 19. Nde5 Nxe5 20. Nxe5 Re7 21. Qc2 Nf6 22. f3 Nd7 23. Nxd7 Qxd7 24. Re1 Rfe8 25. Rxe7 Rxe7 26. Qd2 Re3 27. Re1 Qe7 28. Kf2 Qh4+ 29. Kf1 Kf7 30. Rxe3 fxe3 31. Qxe3 Qxh2 32. Qe5 Qxe5 33. dxe5 Ke6 34. f4 d4 35. Ke2 h5 36. Kd3 Kd5 37. e6 Kxe6 38. Kxd4 h4 39. Ke4 b5 40. f5+ Kf6 41. b4 Kf7 42. Ke5 Ke7 43. f6+ Kf7 44. Kf5 Kf8 45. Ke6 Ke8 46. f7+ Kf8 47. Kf6 h3 48. gxh3 a5 49. bxa5 1-0

[Event "POL-chT 2nd League Juniors 2020"]
[Site "Sypniewo"]
[Date "2020.10.25"]
[Round "4.1"]
[White "Wysocki, Mateusz"]
[Black "Majdanski, Maksymilian"]
[Result "1/2-1/2"]
[ECO "B30"]
[WhiteElo "1855"]
[BlackElo "1817"]
[Annotator "NA RC"]
[PlyCount "61"]
[EventDate "2020.10.23"]
[EventType "team-tourn"]
[EventCountry "POL"]
[SourceTitle "playchess.com"]
[Source "ChessBase"]
[SourceQuality "1"]
[TimeControl "5400+30"]

1. e4 c5 2. Nf3 Nc6 3. c3 d5 4. exd5 Qxd5 5. d4 Bg4 6. Be2 cxd4 7. cxd4 e6 8. O-O Nf6 9. Nc3 Qa5 10. Be3 Be7 11. Qb3 Qb4 12. Qxb4 Bxb4 13. h3 Bh5 14. g4 Bg6 15. Ne5 Bxc3 16. bxc3 Nd5 17. Nxc6 Nxe3 18. fxe3 bxc6 19. Bf3 Kd7 20. e4 Rab8 21. Rab1 Rxb1 22. Rxb1 Kc7 23. Rb4 Rb8 24. a3 f6 25. Kf2 a5 26. Rxb8 Kxb8 $11 27. Ke3 e5 28. c4 Bf7 29. Be2 c5 30. d5 ({Much weaker is} 30. dxc5 Kc7 $17) 30... Kc7 31. Bd1 1/2-1/2

[Event "POL-chT 2nd League Juniors 2020"]
[Site "Sypniewo"]
[Date "2020.10.25"]
[Round "4.3"]
[White "Komendecki, Antoni"]
[Black "Nowak, Filip"]
[Result "1/2-1/2"]
[ECO "C11"]
[WhiteElo "1801"]
[BlackElo "1871"]
[Annotator "NA RC"]
[PlyCount "107"]
[EventDate "2020.10.23"]
[EventType "team-tourn"]
[EventCountry "POL"]
[SourceTitle "playchess.com"]
[Source "ChessBase"]
[SourceQuality "1"]
[TimeControl "5400+30"]

1. e4 e6 2. Nf3 d5 3. Nc3 Nf6 4. e5 Nfd7 5. d4 c5 6. dxc5 Nc6 7. Bf4 Bxc5 8. Bd3 a6 9. O-O b5 10. a3 {[%emt 0:01:05] 10.a3 is better than 10.Re1. C11: French: Classical System: 4 e5 and 4 Bg5 dxe4.} Qb6 11. Qe2 Bb7 12. Ng5 {[%emt 0:05:18] [#]} h6 $146 ({Predecessor:} 12... Nf8 13. Qh5 Qc7 14. Bxb5 axb5 15. Nxb5 Qe7 16. b4 Nd4 17. Nd6+ Bxd6 18. exd6 Qf6 19. Be5 Ne2+ 20. Qxe2 Ba6 21. b5 Qxg5 22. bxa6 f6 23. Bd4 Qf4 24. Qb5+ {1-0 (24) Rigo,J (2365)-Segers,H Baden-Baden 1987}) 13. Nf3 (13. Nxd5 $1 $14 Nd4 14. Nxb6 Nxe2+ 15. Bxe2 Nxb6 16. Nf3) 13... Rc8 14. b4 (14. Rae1 $11) 14... Nd4 15. Qe1 (15. Qe3 $17 {is a better defense.} Nxf3+ 16. Qxf3) 15... Nxf3+ 16. gxf3 Bd4 17. Ne2 Bxa1 18. Qxa1 Qc7 19. Re1 Ke7 20. Bg3 Rcg8 21. f4 g6 22. Nd4 Nb6 23. Kf1 Nc4 24. Qc1 Qb6 25. Nb3 Bc6 (25... Kd7 $17 26. Nc5+ Kc8) 26. Bh4+ $1 Ke8 27. Bf6 Rh7 28. Nc5 Qa7 {[%emt 0:01:35] [#]} (28... a5 $16) 29. Qa1 (29. a4 $142 $1 Bd7 (29... bxa4 30. Bxc4) 30. Bxc4) 29... Qa8 (29... Qb6 $16 {was called for.}) 30. Rd1 Qc8 $2 (30... Nb6) 31. Qc3 Rhg7 32. Bxc4 bxc4 {[%emt 0:00:32] [#]} 33. Bxg7 $2 (33. b5 $1 $18 {[%mdl 512] and White stays clearly on top.} axb5 34. Qa5) 33... Rxg7 34. Qh3 (34. a4 $18) 34... h5 35. Qh4 Rh7 {[%emt 0:00:36] [#]} ({Black should play} 35... Rg8) 36. c3 (36. Qf6 $142 $1) 36... Bb5 (36... Rh8 $16 {might work better.}) 37. a4 Bd7 {[%emt 0:00:19] [#]} 38. a5 (38. Qf6 $1 $18) 38... Bb5 39. Qg5 Qc6 {[%emt 0:00:39] [#]} 40. Ne4 $1 {[%emt 0:00:33] Back Rank} Kf8 41. Nd6 d4 $2 (41... Qd7 42. Ke2 (42. Nxb5 Qxb5 43. f5 gxf5 $11) 42... Ba4) 42. Qd8+ Kg7 43. Qf6+ Kg8 44. Rxd4 Qh1+ 45. Ke2 Bc6 $18 46. Ne4 Bd5 47. Ng5 Qc1 48. Qd8+ Kg7 49. Qf6+ Kg8 50. Rxd5 exd5 51. Nxh7 Qc2+ 52. Kf1 Qd1+ 53. Kg2 Qg4+ 54. Kf1 1/2-1/2

[Event "POL-chT 2nd League Juniors 2020"]
[Site "Sypniewo"]
[Date "2020.10.25"]
[Round "4.3"]
[White "Doroba, Ludwik"]
[Black "Lochinski, Pawel"]
[Result "1-0"]
[ECO "E61"]
[WhiteElo "1330"]
[BlackElo "1426"]
[Annotator "NA RC"]
[PlyCount "65"]
[EventDate "2020.10.23"]
[EventType "team-tourn"]
[EventCountry "POL"]
[SourceTitle "playchess.com"]
[Source "ChessBase"]
[SourceQuality "1"]
[TimeControl "5400+30"]

1. d4 Nf6 2. c4 g6 3. Nc3 Bg7 4. Nf3 O-O 5. e3 d6 6. Bd3 Nbd7 7. O-O e5 8. Re1 c6 9. d5 cxd5 10. cxd5 Nc5 11. e4 a6 12. b4 Nxd3 13. Qxd3 Ne8 14. Nd2 f5 15. Nc4 f4 16. f3 g5 17. h3 h5 18. a4 Rf7 19. Kf2 g4 20. hxg4 hxg4 21. Rh1 Bf6 22. Bd2 Bh4+ 23. Ke2 Qg5 24. Rag1 Rf6 25. Nb6 Rb8 26. Qc4 Rf7 27. Qd3 Ng7 28. Nxc8 Rxc8 29. fxg4 Qxg4+ 30. Qf3 Qxf3+ 31. gxf3 Bg3 32. Kd3 Kf8 33. Rh8+ 1-0

[Event "POL-chT 2nd League Juniors 2020"]
[Site "Sypniewo"]
[Date "2020.10.25"]
[Round "4.4"]
[White "Zimny, Jakub"]
[Black "Karaszewski, Gabriel"]
[Result "1-0"]
[ECO "A08"]
[WhiteElo "1569"]
[BlackElo "1614"]
[Annotator "NA RC"]
[PlyCount "91"]
[EventDate "2020.10.23"]
[EventType "team-tourn"]
[EventCountry "POL"]
[SourceTitle "playchess.com"]
[Source "ChessBase"]
[SourceQuality "1"]
[TimeControl "5400+30"]

1. Nf3 c5 2. g3 d5 3. Bg2 Nc6 4. O-O Nf6 5. d3 e6 6. Nbd2 Be7 7. e4 O-O 8. Nh4 Qb6 9. Kh1 Rd8 10. f4 dxe4 11. dxe4 Qa6 12. c3 b5 13. Qc2 Bb7 14. Re1 e5 15. Nf5 Bf8 16. Nf3 exf4 17. Bxf4 h6 18. a4 b4 19. Red1 Qc4 20. e5 Ne8 21. Ne3 Qe6 22. Qe2 Nc7 23. h4 Na5 24. cxb4 cxb4 25. Rac1 Nd5 26. Nxd5 Bxd5 27. Qb5 Nb3 28. Rc7 Bxf3 29. Bxf3 Rxd1+ 30. Bxd1 Qh3+ 31. Kg1 a6 32. Qd5 Bc5+ 33. Rxc5 Nxc5 34. Qxa8+ Kh7 35. Qg2 Qd7 36. Qc2+ Kh8 37. Qd2 Qb7 38. Bc2 Qb6 39. Qd6 Nxa4+ 40. Qxb6 Nxb6 41. Bb3 Kg8 42. Kf2 a5 43. Be3 Nd7 44. e6 Nf6 45. exf7+ Kf8 46. Bc5# 1-0

[Event "POL-chT 2nd League Juniors 2020"]
[Site "Sypniewo"]
[Date "2020.10.25"]
[Round "4.4"]
[White "Lewek, Jakub"]
[Black "Rumniak, Aleksy"]
[Result "1-0"]
[ECO "C55"]
[WhiteElo "1260"]
[BlackElo "1117"]
[Annotator "NA RC"]
[PlyCount "59"]
[EventDate "2020.10.23"]
[EventType "team-tourn"]
[EventCountry "POL"]
[SourceTitle "playchess.com"]
[Source "ChessBase"]
[SourceQuality "1"]
[TimeControl "5400+30"]

1. e4 e5 2. Nf3 Nc6 3. Bc4 Nf6 4. d4 Nxe4 5. dxe5 Nc5 6. Be3 Ne6 7. Nc3 Be7 8. Qd2 O-O 9. O-O-O a6 10. g4 b5 11. Bd3 Bc5 12. Bxc5 Nxc5 13. Bf5 b4 14. Ne4 Nxe4 15. Bxe4 Qe7 16. Ng5 h6 17. Nf3 Rb8 18. Rde1 a5 19. h4 a4 20. g5 h5 21. g6 f6 22. exf6 Qxf6 23. Bd5+ Kh8 24. Rhg1 b3 25. cxb3 axb3 26. a3 Nb4 27. Rg5 Na2+ 28. Kb1 Rf7 29. Rxh5+ Kg8 30. Re8# 1-0

[Event "POL-chT 2nd League Juniors 2020"]
[Site "Sypniewo"]
[Date "2020.10.25"]
[Round "4.5"]
[White "Lascar, Maria Elena"]
[Black "Jedrzejko, Martyna"]
[Result "0-1"]
[ECO "B12"]
[WhiteElo "1552"]
[BlackElo "1618"]
[Annotator "NA RC"]
[PlyCount "68"]
[EventDate "2020.10.23"]
[EventType "team-tourn"]
[EventCountry "POL"]
[SourceTitle "playchess.com"]
[Source "ChessBase"]
[SourceQuality "1"]
[TimeControl "5400+30"]

1. e4 c6 2. d4 d5 3. Bd3 dxe4 4. Bxe4 Nf6 5. Bf3 Bf5 6. Ne2 e6 7. O-O Bd6 8. Bf4 Bxf4 9. Nxf4 Nbd7 10. Nd2 O-O 11. Nc4 Qc7 12. Nh5 Nxh5 13. Bxh5 Nf6 14. Bf3 Rad8 15. Ne3 Bg6 16. c3 e5 17. Qa4 exd4 18. cxd4 Qb6 19. Rfd1 Qxb2 20. Qxa7 Ra8 21. Qc5 Rxa2 22. Rxa2 Qxa2 23. Qe7 Qb3 24. h4 Re8 25. Qc7 h6 26. g4 Nd5 27. Bxd5 cxd5 28. Rc1 Rxe3 29. fxe3 Qxe3+ 30. Kh2 Be4 31. Rc2 Bxc2 32. Qxc2 Qf4+ 33. Kh3 Qf3+ 34. Kh2 Qxg4 0-1

[Event "POL-chT 2nd League Juniors 2020"]
[Site "Sypniewo"]
[Date "2020.10.25"]
[Round "4.5"]
[White "Matyjasek, Michalina"]
[Black "Zalucka, Emilia"]
[Result "1-0"]
[ECO "D37"]
[WhiteElo "1477"]
[BlackElo "1524"]
[Annotator "NA RC"]
[PlyCount "93"]
[EventDate "2020.10.23"]
[EventType "team-tourn"]
[EventCountry "POL"]
[SourceTitle "playchess.com"]
[Source "ChessBase"]
[SourceQuality "1"]
[TimeControl "5400+30"]

1. d4 d5 2. c4 e6 3. Nc3 Nf6 4. Nf3 Be7 5. e3 Nbd7 6. b3 b6 7. Bd3 Bb7 8. O-O O-O 9. Bb2 c5 10. cxd5 exd5 11. Qe2 Ne4 12. Rfd1 f5 13. Ba6 Bxa6 14. Qxa6 Nxc3 15. Bxc3 Nf6 16. dxc5 Ne4 17. Bb2 Nxc5 18. Qb5 Bf6 19. Bxf6 Rxf6 20. b4 a6 21. Qe2 Ne4 22. Qd3 Rd6 23. Qb3 a5 24. a4 Rc8 25. Rac1 Rxc1 26. Rxc1 axb4 27. Qxb4 Nc5 28. Rd1 Qa8 29. Rd4 Qa5 30. Qa3 Ne4 31. g3 Qc5 32. Qb3 Kf8 33. Kg2 Ke7 34. Rd3 Qc4 35. Qa3 Nc5 36. Rd4 Qc2 37. a5 bxa5 38. Qxa5 Nb3 39. Qa7+ Rd7 40. Qa3+ Kd8 41. Qf8+ Kc7 42. Rb4 Rd8 43. Qxg7+ Rd7 44. Qe5+ Kc6 45. Qe6+ Kc7 46. Qb6+ Kc8 47. Qb8# 1-0

[Event "POL-chT 2nd League Juniors 2020"]
[Site "Sypniewo"]
[Date "2020.10.25"]
[Round "4.9"]
[White "Jendrowiak, Maciej"]
[Black "Bochenek, Ryszard"]
[Result "1-0"]
[ECO "A52"]
[WhiteElo "1382"]
[BlackElo "1445"]
[Annotator "NA RC"]
[PlyCount "81"]
[EventDate "2020.10.23"]
[EventType "team-tourn"]
[EventCountry "POL"]
[SourceTitle "playchess.com"]
[Source "ChessBase"]
[SourceQuality "1"]
[TimeControl "5400+30"]

1. d4 Nf6 2. c4 e5 3. dxe5 Ng4 4. Nf3 Bc5 5. e3 Nc6 6. Nc3 Ngxe5 7. Nxe5 Nxe5 8. Be2 d6 9. O-O O-O 10. b3 Be6 11. Bb2 f5 12. Nd5 a5 13. Nf4 Bf7 14. Qc2 Qf6 15. Nd3 Qe7 16. Nxc5 dxc5 17. Qxf5 Nc6 18. Qg4 Bg6 19. Bf3 Nb4 20. Bxb7 Rad8 21. Bc3 Nc2 22. Rac1 Nxe3 23. Rfe1 Nxg4 24. Rxe7 Nf6 25. Rxc7 Rf7 26. Rxf7 Kxf7 27. f3 Rd6 28. Bxa5 Rd7 29. Bc8 Ra7 30. Bb6 Ra8 31. Bh3 Rxa2 32. Bxc5 Nh5 33. Bd6 Rd2 34. c5 Bd3 35. c6 Ba6 36. Ra1 Rxd6 37. Rxa6 Nf4 38. Ra7+ Kf6 39. Bd7 Nd3 40. c7 Rxd7 41. Ra6+ 1-0

[Event "POL-chT 2nd League Juniors 2020"]
[Site "Sypniewo"]
[Date "2020.10.25"]
[Round "4.9"]
[White "Marek, Grzegorz"]
[Black "Trzebinski, Patryk"]
[Result "0-1"]
[ECO "B01"]
[WhiteElo "1313"]
[BlackElo "1837"]
[Annotator "NA RC"]
[PlyCount "142"]
[EventDate "2020.10.23"]
[EventType "team-tourn"]
[EventCountry "POL"]
[SourceTitle "playchess.com"]
[Source "ChessBase"]
[SourceQuality "1"]
[TimeControl "5400+30"]

1. e4 d5 2. exd5 Nf6 3. Nf3 Nxd5 4. d4 Bg4 5. c4 Nb6 6. c5 N6d7 7. Bc4 e6 8. O-O {[%emt 0:00:54] B01: Scandinavian Defence.} Be7 9. Nc3 O-O 10. h3 Bxf3 11. Qxf3 Nc6 12. Be3 e5 13. dxe5 Ncxe5 14. Qe2 c6 {[%emt 0:05:05] [#]} 15. Rad1 $146 ({Predecessor:} 15. b4 Nxc4 16. Qxc4 Bg5 17. Rfe1 Bxe3 18. Rxe3 Nf6 19. Rd1 Qc7 20. Qe2 Rae8 21. Re1 Rxe3 22. Qxe3 h6 23. Rd1 Re8 24. Qd4 Qe5 25. Qxe5 Rxe5 26. Rd8+ {½-½ (26) Short,D-Colucci,M CServe email 1993}) 15... Qa5 16. a3 Nxc4 17. Qxc4 Nxc5 18. b4 Qa6 19. Qxa6 Nxa6 20. Rd7 Bf6 21. Ne4 Bb2 22. Rxb7 f5 (22... Rfd8 $16) 23. Nc5 $2 (23. Nd6 $18) 23... Nxc5 $1 24. Bxc5 Rf7 25. Rxf7 Kxf7 26. Rd1 Bxa3 27. Rd7+ Ke6 28. Rd6+ ({Don't blunder} 28. Rxg7 $2 a5 $19) 28... Ke5 29. Rxc6 (29. g3 $11 g5 30. Rd3) 29... a5 30. b5 {[%emt 0:05:32] [#]} Bxc5 $1 31. Rxc5+ {[%emt 0:00:11] [#]} Kd6 $1 32. Rc1 {[%emt 0:00:40] [#]} Rb8 $1 33. Kf1 Rxb5 34. Ke2 a4 35. f4 $2 (35. Ra1 Rb4 36. Kd2) 35... Kd5 36. g4 fxg4 37. hxg4 Rb2+ 38. Kd3 a3 39. g5 $2 (39. Re1 Rf2 40. Re5+ Kc6 41. Ke3) 39... a2 40. Ra1 Rh2 41. Re1 Kc5 42. Kc3 Rf2 43. Kb3 Kd4 44. f5 Rxf5 45. g6 h6 46. Kxa2 Rf6 47. Kb2 Rxg6 48. Kc2 Rg2+ 49. Kd1 h5 50. Rh1 g6 51. Ke1 Ke3 52. Kf1 Kf3 (52... Rg3 $142 53. Rh4 Kf3) 53. Rh4 Kg3 54. Ra4 Rf2+ (54... g5 $142 55. Ra7 h4 56. Rh7 h3 57. Rh6 Kh2 58. Rc6 g4 59. Ke1 Ra2 60. Kd1 g3 61. Rc8 g2 62. Rc2 Rxc2 63. Kxc2 g1=Q 64. Kd2 Qd4+ 65. Kc2 Kg3 66. Kb3 h2 67. Kc2 h1=Q 68. Kb3 Qb7+ 69. Kc2 Qbb2#) 55. Kg1 h4 56. Ra5 Rf4 57. Ra3+ Kg4 58. Kg2 {[%emt 0:00:16] [#]} h3+ $1 59. Kh2 Rf2+ 60. Kg1 Rf3 61. Ra6 g5 62. Ra5 Rf5 63. Ra3 Rf3 64. Ra5 Kh4 65. Ra8 g4 66. Ra1 Kg3 67. Kh1 Rd3 68. Kg1 Kf3 69. Ra8 Rd1+ 70. Kh2 g3+ 71. Kxh3 Rh1# 0-1

[Event "POL-chT 2nd League Juniors 2020"]
[Site "Sypniewo"]
[Date "2020.10.25"]
[Round "4.10"]
[White "Malinowski, Szymon"]
[Black "Wilgosz, Szczepan"]
[Result "0-1"]
[ECO "A48"]
[WhiteElo "1740"]
[BlackElo "1371"]
[Annotator "NA RC"]
[PlyCount "56"]
[EventDate "2020.10.23"]
[EventType "team-tourn"]
[EventCountry "POL"]
[SourceTitle "playchess.com"]
[Source "ChessBase"]
[SourceQuality "1"]
[TimeControl "5400+30"]

1. d4 Nf6 2. Nf3 g6 3. Bg5 Bg7 4. Nbd2 d5 5. e3 O-O 6. Bd3 c5 7. c3 Nc6 8. O-O b6 9. a3 Bb7 10. b4 c4 11. Bc2 b5 12. Ne1 Qc7 13. f4 a5 14. Bxf6 Bxf6 15. Nef3 Ra7 16. h4 Rfa8 17. Rb1 axb4 18. axb4 Ra3 19. e4 Rxc3 20. e5 Bg7 21. h5 Ra2 22. hxg6 Rcxc2 23. gxh7+ Kh8 24. Rf2 c3 25. Ng5 cxd2 26. Qh5 Nd8 27. Nxf7+ Nxf7 28. Qxf7 Qc8 0-1

[Event "POL-chT 2nd League Juniors 2020"]
[Site "Sypniewo"]
[Date "2020.10.25"]
[Round "4.10"]
[White "Suszczynski, Dominik"]
[Black "Rzepka, Marcin"]
[Result "0-1"]
[ECO "A10"]
[WhiteElo "1241"]
[BlackElo "1294"]
[Annotator "NA RC"]
[PlyCount "70"]
[EventDate "2020.10.23"]
[EventType "team-tourn"]
[EventCountry "POL"]
[SourceTitle "playchess.com"]
[Source "ChessBase"]
[SourceQuality "1"]
[TimeControl "5400+30"]

1. c4 f5 2. Nc3 Nf6 3. Nf3 d6 4. d4 g6 5. e3 Bg7 6. Be2 O-O 7. O-O Nc6 8. a3 e5 9. d5 Ne7 10. Qc2 h6 11. b4 g5 12. Nd2 Ng6 13. Bb2 h5 14. f3 g4 15. f4 h4 16. Rac1 Qe8 17. Bd3 e4 18. Be2 Ne7 19. Nb5 Qd8 20. Nd4 Nh5 21. N2b3 Ng6 22. a4 h3 23. g3 Nh4 24. gxh4 Qxh4 25. Bd1 Rf6 26. Qf2 g3 27. hxg3 Nxg3 28. Nf3 h2+ 29. Nxh2 Rg6 30. Bg4 Rxg4 31. Qg2 Ne2+ 32. Kh1 Rxg2 33. Kxg2 Nxc1 34. Bxc1 Bd7 35. Rh1 Qf6 0-1

[Event "POL-chT 2nd League Juniors 2020"]
[Site "Sypniewo"]
[Date "2020.10.25"]
[Round "4.11"]
[White "Seemann, Pola"]
[Black "Wasala, Wiktoria"]
[Result "1/2-1/2"]
[ECO "B03"]
[WhiteElo "1566"]
[BlackElo "1458"]
[Annotator "NA RC"]
[PlyCount "92"]
[EventDate "2020.10.23"]
[EventType "team-tourn"]
[EventCountry "POL"]
[SourceTitle "playchess.com"]
[Source "ChessBase"]
[SourceQuality "1"]
[TimeControl "5400+30"]

1. e4 Nf6 2. e5 Nd5 3. c4 Nb6 4. d4 d6 5. exd6 exd6 6. Nc3 Be7 7. Be3 O-O 8. Qf3 Bg5 9. O-O-O Nc6 10. h4 Bxe3+ 11. Qxe3 Bf5 12. Qf4 Qf6 13. g4 Bd7 14. Qxf6 gxf6 15. f3 f5 16. g5 Ne7 17. Nh3 c5 18. Nf4 Nc6 19. dxc5 dxc5 20. Nfd5 Be6 21. Nf6+ Kh8 22. b3 Rad8 23. Bg2 Ne5 24. Kc2 f4 25. Nce4 Bf5 26. Nh5 Bxe4+ 27. fxe4 Ng4 28. Rxd8 Ne3+ 29. Kc1 Rxd8 30. Nxf4 Nd7 31. Re1 Nxg2 32. Nxg2 Ne5 33. Rd1 Nd3+ 34. Kb1 Rd4 35. Ne3 Nf2 36. Rf1 Rd2 37. Nd5 Kg7 38. e5 Nd3 39. e6 fxe6 40. Nf6 e5 41. h5 Rb2+ 42. Ka1 Rg2 43. Ne8+ Kg8 44. Nf6+ Kg7 45. Ne8+ Kg8 46. Nf6+ Kg7 1/2-1/2